 Dungeon Crawl Stone Soup version 0.31.0-32-g396128a36d (webtiles) character file.

Game seed: 3703053984182481931

13914 NotreDorf the Nimble (level 12, 0/98 HPs)
             Began as a Merfolk Gladiator on Mar 22, 2024.
             Was a High Priest of Okawaru.
             Slain by a skeletal warrior
             ... wielding a +0 trident
              (16 damage)
             ... on level 11 of the Dungeon.
             The game lasted 00:46:56 (10595 turns).

NotreDorf the Nimble (Merfolk Gladiator)           Turns: 10595, Time: 00:46:56

Health: 0/98       AC:  9    Str: 18    XL:     12   Next: 11%
Magic:  12/12      EV: 38    Int:  8    God:    Okawaru [*****.]
Gold:   370        SH:  0    Dex: 16    Spells: 11/11 levels left

rFire   . . .        H - +1 bardiche (flame)
rCold   . . .        (shield currently unavailable)
rNeg    . . .        F - +0 troll leather armour
rPois   .            c - +2 helmet
rElec   .            z - scarf {shadows}
rCorr   .            x - +1 pair of gloves
SInv    .            e - +0 pair of boots {rampage}
Will    +....        m - amulet of the acrobat
Stlth   +++++        E - +5 ring of evasion
HPRegen 1.16/turn    h - ring of willpower
MPRegen 0.13/turn

%: acrobat, rampage
@: acrobatic
A: (nimble swimmer 2), mertail
a: Renounce Religion, Heroism, Finesse, Duel


You were on level 11 of the Dungeon.
You worshipped Okawaru.
Okawaru was extremely pleased with you.
You visited 2 branches of the dungeon, and saw 12 of its levels.
You also visited: Sewer.

You collected 737 gold pieces.
You spent 367 gold pieces at shops.

Inventory:

Hand Weapons
 a - a +0 trident
 q - a +0 glaive
 r - a +3 halberd
 H - a +1 bardiche of flaming (weapon)
 I - the +7 long sword of Due Proportion {flame, ^Fragile rElec MP+9 Stlth+}
   (You found it on level 10 of the Dungeon)

   rElec:     It insulates you from electricity.
   MP+9:      It affects your magic capacity (+9).
   ^Fragile:  It will be destroyed if unequipped.
   Stlth+:    It makes you more stealthy.
Missiles
 d - 2 throwing nets
 p - 25 poisoned darts (quivered)
 G - 3 curare-tipped darts
 K - 6 javelins
Armour
 c - a +2 helmet (worn)
 e - a +0 pair of boots of rampaging (worn)
 k - a +2 robe of willpower
 o - a +3 leather armour of fire resistance
 s - a +0 cloak
 x - a +1 pair of gloves (worn)
 y - a +0 kite shield
 z - a scarf of shadows (worn)
 F - a +0 troll leather armour (worn)
Jewellery
 h - a ring of willpower (right hand)
 m - an amulet of the acrobat (around neck)
 A - a ring of see invisible
 B - a +6 ring of strength
 E - a +5 ring of evasion (left hand)
 J - a +4 ring of protection
 M - a ring of flight
Wands
 w - a wand of flame (37)
 D - a wand of mindburst (7)
Scrolls
 b - 4 scrolls of teleportation
 l - a scroll of fog
 C - a scroll of torment {unknown}
 N - a scroll of poison
Potions
 f - a potion of attraction
 g - a potion of curing
 i - a potion of enlightenment
 j - 3 potions of haste
 n - 2 potions of ambrosia
 t - 2 potions of lignification
 u - 2 potions of magic
 v - a potion of invisibility
 L - a potion of heal wounds
 O - a potion of mutation


   Skills:
 + Level 10.4 Fighting
 + Level 12.6 Polearms
 - Level 2.0 Throwing
 + Level 12.6 Dodging
 + Level 11.1 Stealth
 - Level 5.3 Shields


You had 11 spell levels left.
You didn't know any spells.
Your spell library contained the following spells:

 Spells                   Type           Power      Damage    Failure   Level
 Necrotise                Necr           0%         1d4       45%         1
 Shock                    Conj/Air       0%         1d3       45%         1
 Cigotuvi's Dreadful Rot  Necr/Alch/Air  0%         N/A       61%         2
 Mercury Vapours          Alch/Air       0%         N/A       61%         2
 Dazzling Flash           Conj/Hex       0%         N/A       83%         3
 Mephitic Cloud           Conj/Alch/Air  0%         N/A       83%         3
 Sigil of Binding         Hex            0%         N/A       83%         3
 Swiftness                Air            0%         N/A       83%         3
 Vampiric Draining        Necr           0%         2d6       83%         3
 Airstrike                Air            0%         2d(0-16)  99%         4
 Dimensional Bullseye     Hex/Tloc       0%         N/A       99%         4
 Dispel Undead            Necr           0%         3d6       99%         4
 Curse of Agony           Necr           0%         N/A       100%        5
 Freezing Cloud           Conj/Ice/Air   0%         6-21      100%        5
 Silence                  Hex/Air        0%         N/A       100%        5
 Call Canine Familiar     Summ           Unusable   N/A       N/A         3
 Martyr's Knell           Necr/Summ      Unusable   N/A       N/A         4
 Summon Forest            Summ/Tloc      Unusable   N/A       N/A         5
 Death Channel            Necr           Unusable   N/A       N/A         6
 Summon Hydra             Summ           Unusable   N/A       N/A         7

Dungeon Overview and Level Annotations

Branches:
Dungeon (11/15)            Temple (1/1) D:4            Lair (0/5) D:11
    Orc (0/2) D:10          Sewer (visited)

Altars:
Ashenzari
Cheibriados
Dithmenos
Elyvilon
Fedhas
Gozag
Hepliaklqana
Kikubaaqudgha
Makhleb
Nemelex Xobeh
Okawaru
Qazlal
Ru
Sif Muna
Trog
Uskayaw
Vehumet
Wu Jian
Xom
Yredelemnul
Zin
The Shining One

Shops:
D:2 *   D:4 !   D:6 (   D:11 :

Annotations:
D:9 1 runed translucent door, Alphaeus's ghost, novice TrSh
D:11 1 runed translucent door, Whoops's ghost, journeyman DsFi


Innate Abilities, Weirdness & Mutations

((You are very nimble when in or above water. (Stealth+, EV+, Speed+++)))
Your lower body shifts to a powerful aquatic tail in water.


Message History

The plant begins to die.
The skeletal warrior hits the plant with a +0 glaive!!
The plant begins to die.
You slice the skeletal warrior!! You burn the skeletal warrior.
The skeletal warrior is heavily damaged.
A nearby plant withers and dies. x2
The skeletal warrior hits you with a +0 long sword!
The skeletal warrior hits the plant with a +0 glaive!
The skeletal warrior hits you from afar with a +0 trident!!
You completely miss the skeletal warrior.
The skeletal warrior is heavily damaged.
A nearby plant withers and dies. x2
The skeletal warrior completely misses you.
The skeletal warrior misses you.
The komodo dragon hisses menacingly.
You hit the skeletal warrior but do no damage.
The skeletal warrior is heavily damaged.
The skeletal warrior hits you with a +0 long sword!!
The skeletal warrior hits you from afar with a +0 glaive.
The skeletal warrior closely misses you.
The skeletal warrior barely misses you.
The skeletal warrior hits you from afar with a +0 glaive!!
* * * LOW HITPOINT WARNING * * *
The skeletal warrior hits you from afar with a +0 trident!
* * * LOW HITPOINT WARNING * * *
The skeletal warrior barely misses you.
The skeletal warrior closely misses you.
A nearby plant withers and dies. x2
The skeletal warrior attacks as it pursues you!
The skeletal warrior closely misses you.
The skeletal warrior completely misses you.
The skeletal warrior hits the plant with a +0 trident!!
The plant begins to die.
The skeletal warrior attacks as it pursues you!
The skeletal warrior closely misses you.
The skeletal warrior hits the plant with a +0 glaive!!
The plant begins to die.
The skeletal warrior attacks as it pursues you!
The skeletal warrior hits you from afar with a +0 trident!
You die...

............# ...........##
...........# ..........##
..........# ..........#
..........########
.................##
...........#####@.### #####
.....#.....####.....### ##....#
...###.....##..zPz.l..#####.....#
#### ##....#.(.l.zPPz.P##........
#........P.P....P#.........
#.......PPP....PP#.........
...PPPP..>.PP#.........
#PPPPPP...PP#.........
##PPPPPP.PP##.........


You could see 4 skeletal warriors, a komodo dragon and an iguana.

Vanquished Creatures
  A boulder beetle (D:9)
  2 two-headed ogres (D:9)
  An arcanist (D:10)
  Pikel (D:7)
  2 ugly things (D:10)
  Maurice (D:8)
  A cyclops (D:11)
  A gargoyle (D:11)
  An unseen horror (D:11)
  4 trolls
  A hornet (D:10)
  Prince Ribbit (D:6)
  A wraith (D:11)
  A wyvern (D:9)
  23 yaks
  Eustachio (D:4)
  A steam dragon (D:7)
  A basilisk (D:11)
  2 vampire mosquitoes (D:11)
  An acid dragon (D:10)
  5 orc warriors
  An ice beast (D:8)
  2 black bears
  An ogre (D:6)
  2 centaurs
  Blork the orc (D:6)
  2 kobold brigands
  4 bullfrogs
  3 scorpions
  7 wights (D:8)
  9 killer bees
  2 howler monkeys (D:9)
  2 bombardier beetles
  5 jellies
  7 orc priests
  2 hounds
  3 iguanas
  8 orc wizards
  12 gnolls
  5 adders
  A river rat (Sewer)
  A white imp (D:8)
  3 ribbon worms
  4 dart slugs
  27 orcs
  12 ball pythons
  2 bats
  15 endoplasms
  9 giant cockroaches
  12 hobgoblins
  4 quokkas
  14 frilled lizards
  15 goblins
  12 kobolds
  12 rats
274 creatures vanquished.

Vanquished Creatures (collateral kills)
  A ribbon worm (Sewer)
  3 endoplasms (Sewer)
  A rat (Sewer)
5 creatures vanquished.

Grand Total: 279 creatures vanquished

Notes
Turn   | Place    | Note
-------+----------+-------------------------------------------
     0 | D:1      | NotreDorf the Merfolk Gladiator began the quest for the
                  | Orb.
     0 | D:1      | Reached XP level 1. HP: 16/16 MP: 1/1
    76 | D:1      | Reached skill level 1 in Stealth
    76 | D:1      | Reached XP level 2. HP: 9/23 MP: 2/2
   170 | D:1      | You fall into a shaft and drop 1 floor!
   182 | D:2      | Found Tutoupeng's Assorted Antiques.
   209 | D:2      | Reached XP level 3. HP: 23/28 MP: 3/3
   689 | D:1      | Reached XP level 4. HP: 34/34 MP: 4/4
   870 | D:2      | Found a faded altar of an unknown god.
  1352 | D:3      | Reached skill level 5 in Polearms
  1352 | D:3      | Reached skill level 5 in Dodging
  1452 | D:3      | Reached XP level 5. HP: 40/41 MP: 5/5
  1580 | D:3      | Found a glowing drain.
  1589 | Sewer    | Entered a sewer
  1904 | Sewer    | Found a viscous altar of Jiyva.
  1911 | Sewer    | Reached XP level 6. HP: 44/48 MP: 6/6
  2704 | D:4      | Found a staircase to the Ecumenical Temple.
  2714 | Temple   | Entered the Ecumenical Temple
  2725 | Temple   | Became a worshipper of Warmaster Okawaru
  2945 | D:4      | Reached XP level 7. HP: 55/55 MP: 7/7
  3011 | D:4      | Noticed Eustachio
  3046 | D:4      | Killed Eustachio
  3155 | D:4      | Found Iromyurea's Distillery.
  3164 | D:4      | Bought a potion of heal wounds for 70 gold pieces
  3164 | D:4      | Bought a potion of curing for 42 gold pieces
  3386 | D:5      | Entered Level 5 of the Dungeon
  3390 | D:5      | Identified the +2 mace "Haleepsi" {freeze, *Corrode rElec
                  | SInv Stlth+}
  3561 | D:5      | Reached skill level 5 in Fighting
  3731 | D:5      | Reached * piety under Okawaru
  3732 | D:5      | Reached skill level 5 in Stealth
  3732 | D:5      | Reached XP level 8. HP: 24/62 MP: 8/8
  4049 | D:5      | Found a shimmering blue altar of Sif Muna.
  4052 | D:5      | Found a glowing silver altar of Zin.
  4052 | D:5      | Found an opulent altar of Gozag.
  4052 | D:5      | Found a snail-covered altar of Cheibriados.
  4058 | D:5      | Found a burning altar of Makhleb.
  4058 | D:5      | Found a blossoming altar of Fedhas.
  4453 | D:6      | Found a broken altar of Ashenzari.
  4571 | D:6      | Noticed Blork the orc
  4586 | D:6      | Killed Blork the orc
  5064 | D:6      | Reached ** piety under Okawaru
  5093 | D:6      | Noticed Prince Ribbit
  5099 | D:6      | Killed Prince Ribbit
  5180 | D:6      | Found Xantev's Weapon Shop.
  5269 | D:6      | Reached XP level 9. HP: 71/71 MP: 9/9
  5657 | D:7      | Noticed Pikel
  5678 | D:7      | Killed Pikel
  5678 | D:7      | Reached *** piety under Okawaru
  6333 | D:8      | Reached skill level 1 in Shields
  6542 | D:8      | Reached XP level 10. HP: 58/80 MP: 10/10
  6830 | D:8      | Reached **** piety under Okawaru
  6890 | D:8      | Found a sacrificial altar of Ru.
  6957 | D:8      | Noticed Maurice
  6992 | D:8      | Reached skill level 10 in Polearms
  7011 | D:8      | Maurice stole 69 gold
  7012 | D:8      | Maurice stole a +0 trident
  7024 | D:8      | Killed Maurice
  7025 | D:8      | Reached skill level 10 in Dodging
  7601 | D:9      | Noticed a two-headed ogre
  7620 | D:9      | Noticed a boulder beetle
  7777 | D:9      | Killed a boulder beetle
  7777 | D:9      | Reached ***** piety under Okawaru
  7859 | D:9      | Killed a two-headed ogre
  8050 | D:9      | Noticed a two-headed ogre
  8146 | D:8      | Reached XP level 11. HP: 41/87 MP: 11/11
  8436 | D:9      | Killed a two-headed ogre
  8436 | D:9      | Received a gift from Okawaru
  8662 | D:6      | Bought a +1 bardiche of flaming for 255 gold pieces
  8760 | D:9      | Found a runed translucent door.
  8884 | D:9      | Reached skill level 5 in Shields
  8902 | D:9      | Reached skill level 10 in Stealth
  9198 | D:9      | Noticed Alphaeus's ghost (novice TrSh)
  9249 | D:10     | Entered Level 10 of the Dungeon
  9254 | D:10     | Noticed a cyan ugly thing
  9255 | D:10     | Noticed a cyan ugly thing
  9257 | D:10     | Noticed an arcanist
  9273 | D:10     | Killed a purple ugly thing
  9276 | D:10     | Killed an arcanist
  9284 | D:10     | Killed a purple ugly thing
  9295 | D:10     | Got Tuikhlil's Exposition on Combined Electrocution
  9296 | D:10     | Identified the +7 long sword of Due Proportion {flame,
                  | ^Fragile rElec MP+9 Stlth+}
  9377 | D:10     | Found a staircase to the Orcish Mines.
  9618 | D:10     | Received a gift from Okawaru
  9693 | D:10     | Reached skill level 10 in Fighting
 10193 | D:10     | Found a hazy altar of Hepliaklqana.
 10255 | D:11     | Found Athryidd's Book Shoppe.
 10314 | D:11     | Found a runed translucent door.
 10331 | D:11     | Noticed Whoops's ghost (journeyman DsFi)
 10331 | D:11     | Noticed an ettin
 10372 | D:11     | Reached XP level 12. HP: 97/97 MP: 12/12
 10585 | D:11     | Found a staircase to the Lair.
 10595 | D:11     | Slain by a skeletal warrior

Illustrated notes

Levels and vault maps discovered:
D:1:      dpeg_arrival_pond, layout_rooms
D:2:      layout_rooms, serial_curves, eino_curves_04, eino_curves_04,
          serial_shops, nicolae_shop_getting_attention,
          hellmonk_ecumenical_altar_zigzags
D:3:      layout_loops_ring, cheibrodos_sewer_entry_drain, st_stairs_14,
          minmay_lizard_king
D:4:      layout_rooms, minmay_temple_entry_mini_moons, serial_shops, shop,
          uniq_eustachio
D:5:      layout_basic, minmay_overflow_temple_hex
D:6:      layout_loops_corners, mainiacjoe_overflow_alcove_4, serial_shops,
          shop, kennysheep_nub, nicolae_elevator_lobby_plus, uniq_blork_the_orc,
          uniq_prince_ribbit1
D:7:      layout_loops_cross, uniq_pikel
D:8:      layout_layer_cave, nicolae_ru_path_of_blood, uniq_maurice
D:9:      layout_cave_pools, ebering_ghost_reflecting_pool
D:10:     layout_gridville, worldfamousw_hep_ancestral_shrine, david_orc_2,
          minmay_radiant
D:11:     layout_cave_pods, david_lair_shrubbed, serial_shops, shop,
          ebering_ghost_inner_flame, nicolae_figureground_pulse
Temple:   nicolae_temple_bog_church

Skill      XL: |  1  2  3  4  5  6  7  8  9 10 11 12 |
---------------+-------------------------------------+-----
Stealth        | 1 2 3 4 5 6 8 9 10 11 | 11.1
Fighting       | 3 4 5 6 7 8 10 | 10.4
Polearms       | 5 6 8 9 11 12 | 12.6
Dodging        | 5 6 7 8 9 11 12 | 12.6
Shields        | 1 4 5 |  5.3
Throwing       | |  2.0

Action                     |  1- 3 |  4- 6 |  7- 9 | 10-12 || total
---------------------------+-------+-------+-------+-------++-------
  Melee: Trident           |   132 |   287 |       |       ||   419
         Punch             |     4 |     2 |       |       ||     6
         Tailslap          |       |     5 |       |       ||     5
         Halberd           |       |     1 |   231 |   219 ||   451
         Bardiche          |       |       |       |   198 ||   198
  Throw: Throwing net      |       |     2 |       |       ||     2
         Dart              |       |     6 |     1 |     4 ||    11
    Use: Scroll            |       |     5 |    13 |     3 ||    21
         Potion            |       |     4 |       |     2 ||     6
   Stab: Sleeping          |     3 |    12 |    12 |     7 ||    34
         Distracted        |       |       |     2 |     3 ||     5
 Armour: Leather armour    |    52 |    88 |   124 |    99 ||   363
         Skin              |       |    12 |       |       ||    12
         Troll leather arm |       |       |       |   128 ||   128
  Dodge: Dodged            |    85 |   175 |   176 |   413 ||   849
